 Dungeon Crawl Stone Soup version 0.25-a0-780-g622e69b31f (webtiles) character file.

Game seed: 8077049968573570112, levelgen mode: deterministic

9 kae the Ruffian (level 2, 0/23 HPs)
             Began as a Draconian Transmuter on Apr 14, 2020.
             Slain by a kobold (3 damage)
             ... on level 1 of the Dungeon.
             The game lasted 00:00:41 (409 turns).

kae the Ruffian (Draconian Transmuter)               Turns: 409, Time: 00:00:42

Health: 0/23       AC:  4    Str: 12    XL:     2   Next: 6%
Magic:  5/5        EV: 12    Int: 13    God:
Gold:   90         SH:  0    Dex: 11    Spells: 4/5 levels left

rFire    . . .     SeeInvis .     - Unarmed
rCold    . . .     Gourm    .   (no shield)
rNeg     . . .     Faith    .   (armour unavailable)
rPois    .         Spirit   .   (helmet restricted)
rElec    .         Reflect  .   (no cloak)
rCorr    .         Harm     .   (no gloves)
MR       .....                  (no boots)
Stlth    +.........             (no amulet)
HPRegen  0.07/turn              (no ring)
MPRegen  0.09/turn              (no ring)

@: no status effects
A: unfitting armour, cold-blooded, AC +4
a: no special abilities


You were on level 1 of the Dungeon.
You were not hungry.

You visited 1 branch of the dungeon, and saw 1 of its levels.

You collected 90 gold pieces.

Inventory:

Missiles
 a - 21 arrows
Scrolls
 b - a scroll of magic mapping {unknown}
 d - a scroll of teleportation {unknown}
 e - a scroll of remove curse {unknown}
Potions
 f - a potion of magic {unknown}
Comestibles
 c - 2 rations


   Skills:
 + Level 1.4 Fighting
 + Level 1.9 Dodging
 + Level 3.1 Unarmed Combat
 + Level 2.1 Spellcasting
 + Level 2.1 Transmutations


You had 4 spell levels left.
You knew the following spells:

 Your Spells              Type           Power        Failure   Level  Hunger
a - Beastly Appendage     Tmut           #.....       11%         1    ##.....

Your spell library contained the following spells:

 Spells                   Type           Power        Failure   Level  Hunger
 Sticks to Snakes         Tmut           #.......     16%         2    ###....
 Spider Form              Tmut/Pois      #.........   43%         3    ####...
 Ice Form                 Ice/Tmut       #.......     85%         4    #####..
 Blade Hands              Tmut           #.........   96%         5    ######.


Dungeon Overview and Level Annotations

Branches:
Dungeon (1/15)

Altars:


Innate Abilities, Weirdness & Mutations

Your plain brown scales are hard. (AC +4)
You cannot fit into any form of body armour.
You are cold-blooded and may be slowed by cold attacks.


Message History

You hit the kobold but do no damage.
The kobold is moderately wounded.
The kobold closely misses you.
You barely miss the kobold. The kobold misses you.
You hit the kobold but do no damage. The kobold closely misses you.
You hit the kobold but do no damage. Your punch misses the kobold.
The kobold barely misses you.
You hit the kobold but do no damage.
You tail-slap the kobold, but do no damage.
The kobold hits you.
* * * LOW HITPOINT WARNING * * *
You barely miss the kobold. The kobold barely misses you.
You hit the kobold but do no damage. The kobold hits you but does no damage.
You hit the kobold but do no damage.
Your tail-slap misses the kobold.
The kobold misses you.
You hit the kobold but do no damage. The kobold hits you but does no damage.
You hit the kobold but do no damage. The kobold hits you but does no damage.
You hit the kobold but do no damage. The kobold closely misses you.
You hit the kobold but do no damage. The kobold hits you.
You die...

#........ '.......####
####..........#
...(...#.#.##.#########
..................... # #
#.###.#....#######..
...#.#...#.#.##########..
.......%.................
#.......@..#....#######..
######..K#.#..### #..
###.#....# #..
#.############ #..
..###...#....#####
###...........##
##...#..<..#...##
##...###...###...##
##...## ##### ##...#


You could see a kobold.

Vanquished Creatures
  A goblin (D:1)
  3 hobgoblins (D:1)
  2 kobolds (D:1)
  A frilled lizard (D:1)
  A rat (D:1)
8 creatures vanquished.

Notes
Turn   | Place    | Note
-------+----------+-------------------------------------------
     0 | D:1      | kae the Draconian Transmuter began the quest for the Orb.
     0 | D:1      | Reached XP level 1. HP: 16/16 MP: 3/3
   356 | D:1      | Reached XP level 2. HP: 11/23 MP: 3/5
   409 | D:1      | Slain by a kobold

Levels and vault maps discovered:
D:1:      dpeg_chamrin_arrival_tetris, layout_basic

Action                   || total
-------------------------++-------
Melee: Unarmed           ||    47
       Kick              ||     7
       Tailslap          ||     3
 Cast: Beastly Appendage ||     6
Armor: Skin              ||    12
Dodge: Dodged            ||    25

Table legend:
 A = Non-vault XP
 B = Vault XP
 C = Vault XP percentage of total XP
 D = Non-vault monster count
 E = Vault monster count
 F = Vault count percentage of total count
                 A         B        C        D         E       F
            +---------+---------+-------+---------+---------+-------
      Total |      14 |       0 |   0.0 |       8 |       0 |   0.0
            +---------+---------+-------+---------+---------+-------
        D:1 |      14 |       0 |   0.0 |       8 |       0 |   0.0
            +---------+---------+-------+---------+---------+-------
